 Dungeon Crawl Stone Soup version 0.31-a0-265-gcf7e37af1d (webtiles) character file.

Game seed: 12975991000056904818

19 qw the Shooter (level 2, -3/16 HPs)
             Began as a Gargoyle Hexslinger on July 13, 2023.
             Slain by a kobold
             ... wielding a +0 club
              (4 damage)
             ... on level 1 of the Dungeon.
             The game lasted 00:00:15 (441 turns).

qw the Shooter (Gargoyle Hexslinger)                 Turns: 441, Time: 00:00:16

Health: -3/16      AC:  5    Str: 11    XL:     2   Next: 75%
Magic:  3/3        EV: 11    Int: 13    God:
Gold:   39         SH:  0    Dex: 12    Spells: 2/3 levels left

rFire   . . .        Y - +2 sling
rCold   . . .        (no shield)
rNeg    + . .        f - +0 leather armour
rPois   inf          (no helmet)
rElec   +            (no cloak)
rCorr   .            (no gloves)
SInv    .            (no boots)
Will    .....        (no amulet)
Stlth   +            (no ring)
HPRegen 0.22/turn    (no ring)
MPRegen 0.08/turn

%: no passive effects
@: slowed, very slow
A: sickness immunity, AC +2, negative energy resistance 1, electricity
resistance, torment resistance 1, petrification resistance
a: no special abilities


You were on level 1 of the Dungeon.
You visited 1 branch of the dungeon, and saw 2 of its levels.

You collected 39 gold pieces.


Innate Abilities, Weirdness & Mutations

You are immune to sickness and miasma.
Your stone body is resilient. (AC +2)
You are immune to poison.
You resist negative energy. (rN+)
You are resistant to electric shocks. (rElec)
You are resistant to unholy torment.
You are immune to petrification.


   Skills:
 + Level 1.6 Fighting
 - Level 3.0 Ranged Weapons
 - Level 1.5 Dodging
 - Level 1.0 Spellcasting
 - Level 2.6 Hexes


You had 2 spell levels left.
You knew the following spells:

 Your Spells              Type           Power      Damage    Failure   Level
a - Slow                  Hex            28%        N/A       12%         1

Your spell library contained the following spells:

 Spells                   Type           Power      Damage    Failure   Level
 Inner Flame              Hex/Fire       4%         N/A       54%         3
 Portal Projectile        Hex/Tloc       8%         N/A       54%         3
 Cause Fear               Hex            3%         N/A       77%         4

Inventory:

Hand Weapons
 Y - a +2 sling (weapon)
Armour
 f - a +0 leather armour (worn)
Scrolls
 a - a scroll of identify
Potions
 i - a potion of resistance {unknown}

Dungeon Overview and Level Annotations

Branches:
Dungeon (2/15)

Altars:

Shops:
D:1 =

Annotations:
D:1 Natasha


Message History

Natasha is severely wounded.
Natasha claws you but does no damage. The kobold hits you with a +0 club.
The kobold hits you with a +0 short sword.
Natasha claws you. The kobold hits you but does no damage.
The kobold closely misses you.
You shoot a sling bullet. The sling bullet barely misses Natasha.
Natasha casts a spell at you. The magic dart hits you. The kobold misses you.
The kobold closely misses you. Natasha casts a spell at you.
You feel as though you will be slow longer.
The kobold closely misses you.
The kobold hits you with a +0 short sword.
You shoot a sling bullet. The sling bullet barely misses Natasha.
Natasha stares at you and mumbles some strange words.
The magic dart hits you.
The kobold hits you but does no damage. x2
Natasha casts a spell at you. You resist with significant effort.
The kobold closely misses you. The kobold barely misses you.
439 ||| DRINKING potion of heal wounds.
You feel much better. Natasha claws you. The kobold barely misses you.
The kobold hits you with a +0 short sword.
Natasha stares at you and mumbles some strange words.
The magic dart hits you. The kobold barely misses you.
The kobold closely misses you.
You shoot a sling bullet. The sling bullet barely misses Natasha.
Natasha claws you but does no damage. The kobold misses you.
The kobold closely misses you.
Natasha howls an incantation.
Natasha glows brightly for a moment.
Natasha mumbles some strange words.
The kobold barely misses you.
The kobold hits you with a +0 short sword.
You shoot a sling bullet.
The sling bullet closely misses Natasha.
Natasha barely misses you.
The kobold hits you with a +0 short sword.
The kobold closely misses you.
The cerulean imp hits you with a +1 spear.
The kobold barely misses you. The kobold hits you with a +0 club.
You die...

####........##########...#####.##
##...###.#~P7P7~.<#...##....##
#.### #.#PP~.....#......##### #.#
#.+.....7P~#....### # #.#
###~P.7PPPP#...## #.#
###'########## #.# ##........#
##># #...#K...## #..# #.#.#@5###
#.## ####....hK# ####[#
##....#..#.# .....# #...##..#..#
###### #.#.##.##.## #
##......##.# # ###....#####.#
###.....####...#
###.......###..###


You could see Natasha, a cerulean imp (summoned) and 2 kobolds.

Vanquished Creatures
  A bat (D:1)
  An endoplasm (D:1)
  2 goblins (D:1)
  6 hobgoblins (D:1)
  2 ball pythons (D:1)
  2 frilled lizards (D:1)
  A kobold (D:1)
  2 rats (D:1)
17 creatures vanquished.

Notes
Turn   | Place    | Note
-------+----------+-------------------------------------------
     0 | D:1      | qw the Gargoyle Hexslinger began the quest for the Orb.
     0 | D:1      | Reached XP level 1. HP: 12/12 MP: 2/2
     0 | D:1      | 0 ||| qw: Version: 0.3-a-52-g30416fa
     0 | D:1      | 0 ||| qw: Game counter: 7586
     0 | D:1      | 0 ||| qw: Melee chars always use a shield: true
     0 | D:1      | 0 ||| qw: God list: Okawaru
     0 | D:1      | 0 ||| qw: Allow faded altars: false
     0 | D:1      | 0 ||| qw: Do Orc after clearing Dungeon:15 true
     0 | D:1      | 0 ||| qw: Do second Lair branch before Depths: true
     0 | D:1      | 0 ||| qw: Lair rune preference: random
     0 | D:1      | 0 ||| qw: Goals: Normal
     0 | D:1      | 0 ||| PLANNING D:1-11
   146 | D:1      | Reached XP level 2. HP: 16/16 MP: 3/3
   146 | D:1      | Found Calo's Jewellery Shop.
   155 | D:1      | 155 ||| SHOPLISTING +6 ring of strength (504 gold, have
                  | 16).
   155 | D:1      | 155 ||| SHOPLISTING amulet of reflection (420 gold, have
                  | 16).
   155 | D:1      | 155 ||| SHOPLISTING amulet of regeneration (420 gold, have
                  | 16).
   155 | D:1      | 155 ||| SHOPLISTING ring of Megalomania {Fly rC+++ rN+
                  | Str-3 SInv} (862 gold, have 16).
   155 | D:1      | 155 ||| SHOPLISTING ring of fire (350 gold, have 16).
   155 | D:1      | 155 ||| SHOPLISTING ring of protection from fire (350 gold,
                  | have 16).
   155 | D:1      | 155 ||| SHOPLISTING ring of the Lich-sworn {*Corrode rN+
                  | Dex+4 SInv Stlth+} (515 gold, have 16).
   229 | D:1      | Reached skill level 3 in Ranged Weapons
   382 | D:1      | 382 ||| UPGRADING to +0 leather armour.
   392 | D:1      | 392 ||| DROPPING +0 robe.
   393 | D:1      | 393 ||| READING 3 scrolls labelled YMOTOCL VOUZE.
   394 | D:1      | 394 ||| READING scroll labelled RISCHA CIFETWI.
   395 | D:1      | 395 ||| READING scroll labelled USANUXKE WEDGH.
   396 | D:1      | 396 ||| READING 2 scrolls of identify.
   396 | D:1      | 396 ||| IDENTIFYING yellow potion
   397 | D:1      | 397 ||| DROPPING scroll of poison.
   432 | D:2      | Noticed Natasha
   434 | D:2      | 434 ||| STAIRDANCE
   438 | D:1      | HP: 2/16 [Natasha/magic dart (6)]
   439 | D:1      | 439 ||| DRINKING potion of heal wounds.
   441 | D:1      | Slain by a kobold

Levels and vault maps discovered:
D:1:      tarquinn_simple_flora_water_f, layout_rooms, serial_shops, shop
D:2:      layout_basic, serial_shops, shop, uniq_crazy_yiuf_cottage,
          uniq_natasha

Skill      XL: |  1  2 |
---------------+-------+-----
Ranged Weapons | 3 |  3.0
Fighting       | |  1.6
Dodging        | |  1.5
Spellcasting   | |  1.0
Hexes          | |  2.6

Action                     || total
---------------------------++-------
   Fire: Sling             ||    60
    Use: Scroll            ||     4
         Potion            ||     1
 Armour: Robe              ||     4
         Leather armour    ||     5
  Dodge: Dodged            ||    31

Table legend:
 A = Non-vault XP
 B = Vault XP
 C = Vault XP percentage of total XP
 D = Non-vault monster count
 E = Vault monster count
 F = Vault count percentage of total count
                 A         B        C        D         E       F
            +---------+---------+-------+---------+---------+-------
      Total |      28 |       0 |   0.0 |      17 |       0 |   0.0
            +---------+---------+-------+---------+---------+-------
        D:1 |      28 |       0 |   0.0 |      17 |       0 |   0.0
            +---------+---------+-------+---------+---------+-------
